Cogmind - Beta 11 X3 *** ADVENTURER MODE // 2021.04.03 @ 07:16:51 Player: Luigi Panache Result: Destroyed by H-88 Terminator with Heavy Machine Gun Performance ------------- Evolutions (8) 4000 Regions Visited (29) 5800 Robots Destroyed (282) 1410 Value Destroyed (13259) 13259 Prototype IDs (52) 1040 Alien Tech Used (1) 200 Bonus (7077) 7077 TOTAL SCORE: 32786 Bonus ------- High Alert Combat Kills 454 Follower Combat Kills 2007 Met Data Miner 300 Met Warlord at Base 500 MAIN.C Attacked Warlord 500 Warlord Defense Kill 194 Built Enhanced Grunts 300 A7 Reached Mainframe 300 Met R17 at Cetus 500 Met Warlord at Research 2000 Scanned by Researcher 500 Friendly Fire -478 Cogmind --------- Core Integrity 0/1450 Matter 14/300 Energy 100/100 System Corruption 40% Temperature Cool (0) Movement Core (250) Ox4 Location -2/Testing Parts ------- > --- POWER (2) -------- (None) > --- PROPULSION (8) --- Gyrokinetic Inverter Experimental Gyrokinetic Inverter Improved Diametric Drive > --- UTILITY (11) ----- Experimental Heat Sink Terrain Scan Processor Transport Network Coupler Improved Melee Analysis Suite Improved Core Analyzer Experimental Armor Integrity Analyzer > --- WEAPON (2) ------- Point Singularity Launcher > --- INVENTORY (5) ---- HERF Cannon Plasma Lance Peak State ------------ > --- POWER ------------ Neutrino Core Quantum Reactor > --- PROPULSION ------- Armored Heavy Treads Armored Heavy Treads Biometal Heavy Treads Biometal Heavy Treads > --- UTILITY ---------- Advanced Power Amplifier Huge Storage Unit Experimental Energy Well Terrain Scan Processor Improved Melee Analysis Suite Experimental Armor Integrity Analyzer Improved Medium Armor Plating Centrium Light Armor Plating Heavy Reflective Plating Improved Dynamic Insulation System > --- WEAPON ----------- Phase Gun Compact Linear Accelerator > --- INVENTORY -------- Light Antimatter Reactor Light Antimatter Reactor Light Antimatter Reactor Quantum Reactor Quantum Reactor Medium Treads Medium Treads Medium Treads Medium Treads Improved Antigrav System Improved Antigrav System Combat Antigrav System Combat Antigrav System Heavy Machine Gun Heavy Machine Gun Helical Railgun Compact Linear Accelerator Plasma Lance [Rating: 174] Favorites ----------- Power Enhanced Nuclear Core Engine Deuterium Engine Power Core Enhanced Nuclear Core Reactor Vortex Chain Reactor Propulsion Carbon-fiber Leg Treads Light Treads Leg Carbon-fiber Leg Hover Unit Improved Antigrav System Flight Unit Improved Diametric Drive Utility Huge Storage Unit Device Weapon Cycler Storage Huge Storage Unit Processor Advanced Visual Processing Unit Hackware Advanced Hacking Suite Protection Centrium Medium Armor Plating Weapon Heavy Flak Cannon Energy Gun Improved Lightning Gun Energy Cannon HERF Cannon Ballistic Gun Gauss Rifle Ballistic Cannon Heavy Flak Cannon Launcher Rocket Launcher Special Weapon Plasma Flamer Slashing Weapon Chainsword Piercing Weapon Plasma Lance Build | -11 -10 -10 -9 -9 -9 -8 -8 -7 -7 -7 -7 -6 -6 -6 -6 -5 -5 -5 -5 -4 -4 -4 -4 -4 -3 -3 -3 -2 -2 ------- Run | Scr Mat Min Mat Min Exi Min Mat Fac Low Low Dat Pro Fac Ext Cet Fac Upp Upp War Pro Fac Upp Upp Zhi Pro Res Qua Res Tes Slots Evolved 16 | . . . 2 . . . 2 2 . . . . 2 . . 2 . . . . 2 . . . . 2 . 2 . Power 1 | . . . . . . . . . . . . . . . . . . . . . 1 . . . . . . . . Propulsion 6 | . . . 2 . . . . 1 . . . . 1 . . . . . . . . . . . . 2 . . . Utility 9 | . . . . . . . 2 1 . . . . 1 . . 2 . . . . 1 . . . . . . 2 . Weapon . | . . . . . . . . . . . . . . . . . . . . . . . . . . . . . . Parts Attached 290 | . 2 . 12 . . . 12 21 . 13 2 1 18 3 15 30 3 5 11 8 16 . . 4 . 32 18 45 19 Power 23 | . . . 1 . . . 2 1 . 1 . . 2 . 1 1 . . . . 1 . . . . 3 . 9 1 Engine 2 | . . . . . . . 1 1 . . . . . . . . . . . . . . . . . . . . . Core 8 | . . . 1 . . . 1 . . 1 . . 2 . . 1 . . . . . . . . . 1 . 1 . Reactor 13 | . . . . . . . . . . . . . . . 1 . . . . . 1 . . . . 2 . 8 1 Propulsion 88 | . . . 8 . . . 1 8 . 5 . . 9 . 6 2 . . 2 2 5 . . . . 8 6 19 7 Treads 47 | . . . 3 . . . . . . 5 . . 2 . 4 2 . . 2 2 5 . . . . 8 2 11 1 Leg 23 | . . . 5 . . . 1 8 . . . . 7 . 2 . . . . . . . . . . . . . . Wheel . | . . . . . . . . . . . . . . . . . . . . . . . . . . . . . . Hover 14 | . . . . . . . . . . . . . . . . . . . . . . . . . . . 4 7 3 Flight 4 | . . . . . . . . . . . . . . . . . . . . . . . . . . . . 1 3 Utility 87 | . 1 . 1 . . . 4 7 . 2 . 1 3 2 6 11 1 3 7 . 6 . . 2 . 6 8 9 7 Device 29 | . 1 . . . . . . . . 1 . 1 3 1 3 3 1 1 3 . . . . 1 . 1 3 3 3 Storage 9 | . . . 1 . . . . 1 . . . . . . 1 . . . 1 . . . . . . 1 2 . 2 Processor 12 | . . . . . . . 1 1 . . . . . . . 2 . . 1 . 1 . . . . . 2 2 2 Hackware 6 | . . . . . . . . 1 . . . . . . . 2 . . . . 1 . . 1 . 1 . . . Protection 31 | . . . . . . . 3 4 . 1 . . . 1 2 4 . 2 2 . 4 . . . . 3 1 4 . Artifact . | . . . . . . . . . . . . . . . . . . . . . . . . . . . . . . Weapon 92 | . 1 . 2 . . . 5 5 . 5 2 . 4 1 2 16 2 2 2 6 4 . . 2 . 15 4 8 4 Energy Gun 19 | . 1 . . . . . 1 . . . . . . . . 3 2 1 1 3 . . . . . 3 1 3 . Energy Cannon 12 | . . . . . . . . . . . . . . . . 4 . . . 1 1 . . . . 5 . . 1 Ballistic Gun 18 | . . . 1 . . . 3 3 . 1 . . . . 1 . . 1 . . . . . . . 4 2 2 . Ballistic Cannon 31 | . . . 1 . . . 1 . . 2 2 . 3 1 1 8 . . . 2 3 . . 2 . 2 1 2 . Launcher 7 | . . . . . . . . 1 . 2 . . . . . . . . . . . . . . . 1 . . 3 Special Weapon 1 | . . . . . . . . . . . . . . . . . . . 1 . . . . . . . . . . Impact Weapon . | . . . . . . . . . . . . . . . . . . . . . . . . . . . . . . Slashing Weapon 3 | . . . . . . . . 1 . . . . 1 . . 1 . . . . . . . . . . . . . Piercing Weapon 1 | . . . . . . . . . . . . . . . . . . . . . . . . . . . . 1 . Special Melee Weapon . | . . . . . . . . . . . . . . . . . . . . . . . . . . . . . . Unidentified Prototypes 32 | . . . . . . . 2 . . . . . 3 . 6 2 . . 3 . 1 . . 1 . 1 2 6 5 Corrupted Parts 18 | . . . . . . . . . . . . . 3 . 2 . . . . . 1 . . . . 3 . 9 . System Corruption 75 | . . . . . . . . . . . . . 13 . 2 . . . . . 8 . . . . 13 . 39 . Parts Lost 96 | . 1 . 1 . . . . 1 . 14 . 1 . . 1 . . 3 3 . 4 . . . . 27 8 27 5 Power 12 | . . . . . . . . . . 1 . . . . . . . . . . . . . . . 4 . 6 1 Propulsion 38 | . . . . . . . . . . 7 . 1 . . . . . . 2 . 3 . . . . 10 3 8 4 Utility 24 | . . . . . . . . 1 . 3 . . . . 1 . . 2 . . 1 . . . . 5 3 8 . Weapon 22 | . 1 . 1 . . . . . . 3 . . . . . . . 1 1 . . . . . . 8 2 5 . Highest Loss Streak 19 | . 1 . 1 . . . . 1 . 13 . 1 . . 1 . . 2 3 . 2 . . . . 9 4 19 4 Average Slot Usage (%) 80 | . 93 100 99 100 100 100 92 99 100 90 61 72 84 93 87 80 76 81 81 93 81 78 78 68 78 66 33 63 35 Engine 1 | . 14 14 5 . . . 1 6 7 4 . . . . . . . . . . . . . . . . . . . Core 3 | . . . 5 11 11 11 7 . . 2 7 7 6 6 4 2 5 5 5 5 . . . . . . . 3 . Reactor 1 | . . . . . . . . . . . . . . . 1 2 . . . . 4 5 5 5 5 3 . 2 1 Treads 12 | . . . 10 . . . . . . 9 23 15 12 . 17 21 17 17 17 29 18 15 15 15 15 16 4 12 . Leg 11 | . 28 28 33 44 44 44 36 37 38 23 . . 13 40 12 . . . . . . . . . . . . . . Device 8 | . 8 14 11 11 11 11 9 7 7 6 7 10 17 6 8 8 2 10 10 11 10 10 10 10 10 7 1 8 . Storage 6 | . 14 14 11 11 11 11 9 7 7 7 7 7 6 6 7 5 5 5 5 5 5 5 5 5 5 3 8 7 . Processor 12 | . . . . . . . 1 14 15 15 15 15 13 13 13 13 17 17 17 17 15 15 15 15 15 12 7 12 15 Hackware 2 | . . . . . . . . . . . . . . . . 1 8 5 5 5 9 10 10 10 10 8 . . . Protection 4 | . . . . . . . 9 7 7 4 . . . 5 5 10 5 4 5 5 4 5 5 5 5 2 . 5 . Energy Gun 2 | . 14 14 8 . . . . . . . . . . . . 1 11 10 10 9 1 . . . . . 1 3 . Ballistic Gun 3 | . 14 14 11 11 11 11 12 14 15 9 . . . . . . . . . . . . . . . 1 5 1 . Ballistic Cannon 5 | . . . 2 11 11 11 5 . . 5 . 15 12 12 13 8 . . . . 8 10 10 . 10 2 . . . Naked Turns 72 | . . . . . . . . . . . . . . . . . . . . . . . . . . 62 10 . . Heaviest Build 159 | 14 15 15 55 55 55 55 60 105 105 105 99 100 108 120 120 141 115 115 108 114 142 141 141 141 141 147 102 159 35 Greatest Support 300 | 20 20 20 60 60 60 60 60 78 78 80 60 60 131 131 200 230 230 230 230 170 225 225 225 225 225 300 105 265 37 Greatest Overweight (x) 6 | . . . 3 . . . . 1 1 1 1 2 2 . 2 . . . . . 1 . . . . 1 4 6 . Average Overweight (x) . | . . . . . . . . . 1 1 1 1 1 . . . . . . . . . . . . . 1 . . Largest Inventory Capacity 25 | . 8 8 20 20 20 20 20 25 25 25 25 25 25 25 25 25 25 25 25 25 25 25 25 25 25 25 25 25 15 Average Capacity 23 | . 8 8 18 20 20 20 20 24 25 25 25 25 25 25 25 25 25 25 25 25 25 25 25 25 25 23 24 24 5 Most Carried 25 | . 7 7 20 20 20 20 20 25 25 25 15 14 25 25 25 25 25 25 25 23 25 25 25 25 25 23 6 19 6 Average Carried 19 | . 5 7 13 19 19 20 19 23 25 20 14 13 15 24 24 24 24 22 22 20 22 25 25 24 25 18 2 10 4 Final Capacity 25 | 8 8 8 20 20 20 20 20 25 25 25 25 25 25 25 25 25 25 25 25 25 25 25 25 25 25 5 25 5 5 Final Carried 25 | 6 7 7 20 20 20 20 20 25 25 13 13 14 25 25 25 25 25 21 23 20 25 25 25 25 25 5 1 3 2 Class Distribution -------------------- 45% | Scavenger-Mutant 28% | Mutant 23% | Hacker-Mutant 3% | Commander-Mutant Dominant Class ---------------- Mutant | -10/Materials Mutant | -10/Mines Mutant | -9/Materials Mutant | -9/Mines Mutant | -9/Exiles Mutant | -8/Mines Mutant | -8/Materials Mutant | -7/Factory Scavenger-Mutant | -7/Lower Caves Scavenger-Mutant | -7/Lower Caves Mutant | -7/Data Miner Mutant | -6/Proximity Caves Mutant | -6/Factory Scavenger-Mutant | -6/Extension Scavenger-Mutant | -6/Cetus Scavenger-Mutant | -5/Factory Hacker-Mutant | -5/Upper Caves Hacker-Mutant | -5/Upper Caves Scavenger-Mutant | -5/Warlord Scavenger-Mutant | -4/Proximity Caves Hacker-Mutant | -4/Factory Hacker-Mutant | -4/Upper Caves Hacker-Mutant | -4/Upper Caves Hacker-Mutant | -4/Zhirov Hacker-Mutant | -3/Proximity Caves Hacker-Mutant | -3/Research Mutant | -3/Quarantine Scavenger-Mutant | -2/Research Mutant | -2/Testing Resources | -11 -10 -10 -9 -9 -9 -8 -8 -7 -7 -7 -7 -6 -6 -6 -6 -5 -5 -5 -5 -4 -4 -4 -4 -4 -3 -3 -3 -2 -2 ----------- Run | Scr Mat Min Mat Min Exi Min Mat Fac Low Low Dat Pro Fac Ext Cet Fac Upp Upp War Pro Fac Upp Upp Zhi Pro Res Qua Res Tes Matter Collected 8911 | 200 114 . 303 90 . . 507 582 63 553 . 247 525 565 401 737 477 83 100 160 386 115 16 . 25 1120 603 619 320 Remotely . | . . . . . . . . . . . . . . . . . . . . . . . . . . . . . . Salvage Created 11479 | . 364 . 473 91 . . 436 415 63 620 . 91 487 458 144 770 362 397 84 137 589 . . . 25 2507 996 1796 174 Parts 499 | . 26 . 38 13 . . 19 32 2 10 . 2 19 19 1 36 11 13 8 6 22 . . . . 103 54 59 6 Haulers Intercepted 9 | . 1 . 1 . . . 1 . . . . . 2 . . 1 . . . . 1 . . . . . . . 2 Recyclers Shooed 11 | . . . . . . . 1 1 . . . . 1 2 . . . . . . . . . . . 4 2 . . Parts Field Recycled . | . . . . . . . . . . . . . . . . . . . . . . . . . . . . . . Retrieved Matter . | . . . . . . . . . . . . . . . . . . . . . . . . . . . . . . Parts Self-Destructed 79 | . . . . . . . . . 2 12 . 6 . . . . 6 2 50 1 . . . . . . . . . Prevented 46 | . . . . . . . . . . . . . . . . . 14 11 16 5 . . . . . . . . . Kills | -11 -10 -10 -9 -9 -9 -8 -8 -7 -7 -7 -7 -6 -6 -6 -6 -5 -5 -5 -5 -4 -4 -4 -4 -4 -3 -3 -3 -2 -2 ------- Run | Scr Mat Min Mat Min Exi Min Mat Fac Low Low Dat Pro Fac Ext Cet Fac Upp Upp War Pro Fac Upp Upp Zhi Pro Res Qua Res Tes Combat Hostiles Destroyed 223 | . 10 . 14 7 . . 11 9 1 18 . 3 8 9 4 22 6 6 3 3 14 . . . 1 34 6 30 4 Melee 1 | . . . . . . . . . . . . . . . . 1 . . . . . . . . . . . . . Guns 80 | . 10 . 9 5 . . 6 5 1 8 . . . . . . 3 4 3 . . . . . . 8 6 12 . Cannons 96 | . . . 5 2 . . 4 . . 5 . 3 8 9 4 18 . . . 1 13 . . . 1 17 . 6 . AOE 22 | . . . . . . . 1 4 . 5 . . . . . 2 1 . . . . . . . . 2 . 3 4 Classes Destroyed 20 | . 5 . 3 1 . . 2 4 . 1 . . . . . . . . . . . . . . . . 1 3 . Worker 11 | . . . . . . . 1 1 . . . . . . . 2 . . . . 3 . . . . 2 1 . 1 Builder 10 | . 1 . 1 . . . . . . . . . . 1 . 2 . . . . . . . . . 2 3 . . Tunneler 2 | . . . . 2 . . . . . . . . . . . . . . . . . . . . . . . . . Hauler 9 | . 1 . 1 . . . 1 . . . . . 2 . . 1 . . . . 1 . . . . . . . 2 Recycler 7 | . . . . . . . . 1 . . . . 1 . . . . . . . . . . . . 2 3 . . Mechanic 3 | . . . . . . . . 1 . . . . 1 . . . . . . . . . . . . . 1 . . Operator 6 | . . . 1 . . . 1 1 . . . . . . . 2 . . . . 1 . . . . . . . . Watcher 9 | . 1 . 1 . . . . 1 . . . . . 1 . 1 . . . . 1 . . . . . . 3 . Swarmer 61 | . 6 . 6 7 . . 3 4 . 3 . 1 2 . . 10 . . 3 . . . . . . 3 . 13 . Grunt 59 | . 4 . 4 . . . 4 . . 5 . 2 3 2 1 1 4 . . . 4 . . . . 14 . 8 3 Brawler 7 | . . . . . . . 1 . . 5 . . . . . . . . . . . . . . . 1 . . . Duelist 7 | . . . 2 . . . . . . 3 . . . . . . . . . . . . . . . 1 . 1 . Researcher 1 | . . . . . . . . . . . . . . . . . . . . . . . . . . . 1 . . Sentry 28 | . . . 2 . . . 3 1 1 2 . . . 7 . 5 . 1 . . 3 . . . . 1 . 2 . Demolisher 2 | . . . . . . . . . . . . . . . . . . . . . . . . . . . . 2 . Hunter 28 | . . . . . . . . 3 . . . . 2 . . 3 2 4 . 2 . . . . . 8 3 . 1 Programmer 24 | . . . . . . . . 1 . . . . 1 . . 3 . 1 . 1 7 . . . 1 6 3 . . Cetus Guard 3 | . . . . . . . . . . . . . . . 3 . . . . . . . . . . . . . . Striker 2 | . . . . . . . . . . . . . . . . . . . . . . . . . . . . 2 . Executioner 2 | . . . . . . . . . . . . . . . . . . . . . . . . . . . . 2 . Samaritan 1 | . . . . . . . . . . 1 . . . . . . . . . . . . . . . . . . . Thug 1 | . . . . . . . . . . . . . . . . 1 . . . . . . . . . . . . . Best Kill Streak 9 | . 7 . 7 5 . . 6 5 1 6 . 2 3 3 2 9 4 4 3 2 6 . . . 1 6 4 9 5 Combat Bots Only 9 | . 3 . 5 4 . . 6 4 1 6 . 2 3 3 2 6 4 4 3 2 4 . . . 1 6 2 9 4 Max Kills in Single Turn 4 | . 2 . 2 2 . . 1 2 1 2 . 1 1 1 1 4 1 1 1 1 1 . . . 1 2 3 2 2 Gunslinging 1 | . 1 . . . . . . . . . . . . . . . . . . . . . . . . . . . . Exploded 2 | . . . . . . . 1 2 . 2 . . . . . 2 1 . . . . . . . . 1 . 2 2 Melee 1 | . . . . . . . . . . . . . . . . 1 . . . . . . . . . . . . . Uniques/NPCs Destroyed . | . . . . . . . . . . . . . . . . . . . . . . . . . . . . . . Combat | -11 -10 -10 -9 -9 -9 -8 -8 -7 -7 -7 -7 -6 -6 -6 -6 -5 -5 -5 -5 -4 -4 -4 -4 -4 -3 -3 -3 -2 -2 -------- Run | Scr Mat Min Mat Min Exi Min Mat Fac Low Low Dat Pro Fac Ext Cet Fac Upp Upp War Pro Fac Upp Upp Zhi Pro Res Qua Res Tes Damage Taken 27106 | . 228 . 248 71 . 31 333 649 200 1931 . 187 401 523 865 1230 544 1237 828 257 877 77 . . 59 6370 2169 6819 972 Core 3151 | . 61 . 37 . . . . 66 11 162 . 21 18 9 37 51 50 72 104 . 33 20 . . 20 549 373 1233 224 Absorbed by Shields 266 | . . . . . . . . . . . . . . 73 193 . . . . . . . . . . . . . . Reduced by Siege Mode 570 | . . . . . . . . . . . . . . . . . 6 20 . . . . . . . 445 . 99 . Core Remaining (%) 79 | 100 . 75 . . . 90 100 . . . . 62 . . 92 . . . . 72 . . . . 93 . 29 . . Volleys Fired 750 | . 33 . 33 10 . . 32 40 4 46 . 9 21 36 11 73 16 24 3 10 38 . . . 2 111 59 135 4 Largest 2 | . 2 . 2 2 . . 2 2 2 2 . 2 2 2 2 2 2 2 2 2 2 . . . 2 2 2 2 1 Hottest 176 | . 70 . 73 67 . . 69 56 56 88 . 88 106 106 106 132 120 120 120 120 120 . . . 106 176 105 169 55 Shots Fired 1296 | . 64 . 61 20 . . 64 69 8 86 . 19 42 74 22 120 32 48 6 18 77 . . . 4 192 86 180 4 Gun 699 | . 64 . 47 10 . . 42 58 8 49 . . . . . 6 32 48 6 10 12 . . . . 84 79 144 . Cannon 576 | . . . 14 10 . . 22 . . 33 . 19 42 74 22 114 . . . 8 65 . . . 4 106 7 36 . Launcher 21 | . . . . . . . . 11 . 4 . . . . . . . . . . . . . . . 2 . . 4 Special . | . . . . . . . . . . . . . . . . . . . . . . . . . . . . . . Kinetic 882 | . 33 . 47 20 . . 64 58 8 82 . 19 42 74 22 88 . 4 . 8 65 . . . 4 105 78 61 . Thermal 104 | . 31 . 14 . . . . . . . . . . . . 26 . . . . . . . . . . . 33 . Explosive 21 | . . . . . . . . 11 . 4 . . . . . . . . . . . . . . . 2 . . 4 Electromagnetic 289 | . . . . . . . . . . . . . . . . 6 32 44 6 10 12 . . . . 85 8 86 . Robot Hit Streak 65 | . 15 . 12 6 . . 12 12 4 19 . 7 12 12 18 36 19 44 46 21 35 . . . 14 65 18 22 4 Robot Miss Streak 7 | . 2 . 4 2 . . 6 4 1 3 . 4 6 7 2 4 1 1 1 1 2 . . . 1 2 3 3 . Penetration Max 2 | . . . . . . . . . . 1 . . . . . . . . . . . . . . . 1 2 2 . Secondary Targets 11 | . 3 . 1 . . . 1 1 . 3 . . . . . . 1 . . . . . . . . 1 . . . Max Gunslinging Chain 1 | . 1 . 1 . . . 1 1 . 1 . . . . . . 1 . . . . . . . . 1 . . . Capacitor 80 | . . . . . . . . . . . . . . . . . . . . . . . . . . . . 80 . Shots Hit Robots 1102 | . 48 . 48 13 . . 51 51 5 75 . 18 46 68 20 90 27 45 4 16 63 . . . 4 175 71 156 8 Core Hits 923 | . 20 . 38 13 . . 36 36 2 75 . 29 61 95 42 88 12 15 4 6 96 . . . 5 141 37 57 15 Critical Hits 25 | . . . . . . . . . . . . . . . . 1 1 1 . . . . . . . 15 2 4 1 Critical Kills 5 | . . . . . . . . . . . . . . . . . 1 1 . . . . . . . 2 . 1 . Critical Parts Destroyed 16 | . . . . . . . . . . . . . . . . 1 . . . . . . . . . 10 2 2 1 Melee Attacks 26 | . . . . . . . . 1 . . . . 11 . . 5 . . . . . . . . . . . 2 7 Impact . | . . . . . . . . . . . . . . . . . . . . . . . . . . . . . . Slashing 17 | . . . . . . . . 1 . . . . 11 . . 5 . . . . . . . . . . . . . Piercing 9 | . . . . . . . . . . . . . . . . . . . . . . . . . . . . 2 7 Sneak Attacks 7 | . . . . . . . . . . . . . 5 . . 1 . . . . . . . . . . . . 1 Combat Hostiles . | . . . . . . . . . . . . . . . . . . . . . . . . . . . . . . Follow-up Attacks . | . . . . . . . . . . . . . . . . . . . . . . . . . . . . . . Damage Inflicted 36655 | . 635 . 804 308 . 2 890 1451 111 2535 . 499 1649 2329 812 3653 799 822 84 404 2596 . . . 193 6059 1938 5498 2584 Guns 12981 | . 635 . 489 118 . . 549 750 111 902 . . . . . 133 719 822 84 239 163 . . . . 2278 1659 3330 . Cannons 16069 | . . . 315 190 . . 327 . . 807 . 499 901 2090 812 2625 . . . 165 2231 . . . 193 3287 184 1443 . Explosions 5815 | . . . . . . . . 690 . 826 . . . . . 584 80 . . . 194 . . . . 441 . 686 2314 Melee 1303 | . . . . . . . . . . . . . 714 . . 280 . . . . . . . . . . . 39 270 Ramming 487 | . . . . . . 2 14 11 . . . . 34 239 . 31 . . . . 8 . . . . 53 95 . . Kinetic 21657 | . 312 . 643 308 . . 876 750 111 1709 . 499 901 2090 812 2591 . 159 . 165 2231 . . . 193 3382 1647 2278 . Thermal 2288 | . 323 . 161 . . . . . . . . . . . . 34 80 . . . 194 . . . . 58 . 1438 . Explosive 4797 | . . . . . . . . 690 . 826 . . . . . 584 . . . . . . . . . 383 . . 2314 Electromagnetic 6123 | . . . . . . . . . . . . . . . . 133 719 663 84 239 163 . . . . 2183 196 1743 . Impact . | . . . . . . . . . . . . . . . . . . . . . . . . . . . . . . Slashing 994 | . . . . . . . . . . . . . 714 . . 280 . . . . . . . . . . . . . Piercing 309 | . . . . . . . . . . . . . . . . . . . . . . . . . . . . 39 270 Highest Corruption 40 | . . . . . . . 3 . . 6 6 6 13 13 15 . . 3 4 4 12 12 12 12 12 27 31 40 40 Average Corruption 12 | . . . . . . . 3 . . 5 6 6 11 13 14 . . 2 3 4 10 12 12 12 12 21 29 10 40 Corruption Purged . | . . . . . . . . . . . . . . . . . . . . . . . . . . . . . . Effects 405 | . . . . . . . 5 . . 12 4 20 4 59 27 . . 4 4 9 43 20 16 11 21 36 36 51 23 Message Errors 84 | . . . . . . . . . . 5 1 10 . 9 5 . . . 1 2 14 5 4 1 3 3 8 10 3 Matter Fused 75 | . . . . . . . 1 . . . . 3 1 10 7 . . 2 2 1 9 2 3 4 3 7 8 7 5 Heat Flow Errors 49 | . . . . . . . 1 . . 1 1 3 1 5 3 . . 1 . 1 5 1 2 1 5 4 6 6 2 Energy Discharges 52 | . . . . . . . 2 . . 2 1 2 . 8 5 . . 1 1 3 4 5 3 2 2 5 3 2 1 Parts Rejected 6 | . . . . . . . . . . . . . . . 1 . . . . . 1 . . . . 1 . 2 1 Data Loss (minor) 41 | . . . . . . . 1 . . 1 1 1 1 6 2 . . . . 2 1 2 2 1 1 4 3 12 . Data Loss (major) 11 | . . . . . . . . . . . . . . 2 . . . . . . 1 1 . . 1 1 1 4 . Misfires 10 | . . . . . . . . . . 1 . 1 . 3 . . . . . . 3 . . . . 1 . 1 . Alerts 8 | . . . . . . . . . . . . . . 4 . . . . . . . 1 1 . 1 . 1 . . Misdirections 56 | . . . . . . . . . . . . . 1 11 4 . . . . . 3 3 1 2 5 5 5 5 11 Weapon Failures 13 | . . . . . . . . . . 2 . . . 1 . . . . . . 2 . . . . 5 1 2 . Overload Shots . | . . . . . . . . . . . . . . . . . . . . . . . . . . . . . . Overflow Damage 625 | . . . . 1 . . . 19 . 23 . 7 60 23 . 147 . . . . 110 . . . . 17 . 93 125 Projectiles 165 | . . . . 1 . . . . . 5 . 7 5 7 . 113 . . . . 3 . . . . 17 . 7 . Explosions 389 | . . . . . . . . 19 . 18 . . . . . 34 . . . . 107 . . . . . . 86 125 Melee 71 | . . . . . . . . . . . . . 55 16 . . . . . . . . . . . . . . . Knockbacks 206 | . . . 4 4 . . 8 . . 5 . 7 13 29 3 33 . . . 4 31 . . . 3 43 7 12 . Impact 6 | . . . . . . . . . . . . . . 4 . . . . . . . . . . . . 2 . . Kinetic 184 | . . . 4 4 . . 7 . . 5 . 7 12 21 2 30 . . . 4 28 . . . 3 41 4 12 . Secondary 16 | . . . . . . . 1 . . . . . 1 4 1 3 . . . . 3 . . . . 2 1 . . Self-Inflicted Damage 382 | . . . . . . . . 62 . 178 . . . . . . . . . . 49 . . . . 67 . 26 . Shots 9 | . . . . . . . . 2 . 4 . . . . . . . . . . 1 . . . . 1 . 1 . Rammed 26 | . . . . . . . . . . . . . . . . 3 . . . . 1 . . . . 4 18 . . Targets Rammed 40 | . . . . . . 1 1 2 . . . . 3 7 . 3 . . . . 1 . . . . 4 18 . . Kicked 14 | . . . . . . 1 1 2 . . . . 3 7 . . . . . . . . . . . . . . . Crushed . | . . . . . . . . . . . . . . . . . . . . . . . . . . . . . . Highest Temperature 578 | . 108 . 45 15 . . 273 12 10 150 167 176 199 292 218 143 423 247 . 105 222 155 126 209 201 554 189 578 210 Average Temperature 81 | . 36 . 15 6 . . 34 3 5 38 88 59 43 73 74 49 161 26 . 78 68 95 67 119 86 157 83 166 97 Received Heat Transfer 3426 | . 96 . 87 . . 18 108 30 78 432 . 63 102 187 182 102 90 81 54 . 126 . . . . 960 . 531 99 Effects 26 | . . . . . . . . . . . . . . . . . 2 . . . 3 . . . . 3 . 18 . Shutdowns 6 | . . . . . . . . . . . . . . . . . 1 . . . . . . . . . . 5 . Energy Bleed 3 | . . . . . . . . . . . . . . . . . . . . . . . . . . 2 . 1 . Interference 6 | . . . . . . . . . . . . . . . . . . . . . 3 . . . . 1 . 2 . Matter Decay 1 | . . . . . . . . . . . . . . . . . 1 . . . . . . . . . . . . Short Circuit 2 | . . . . . . . . . . . . . . . . . . . . . . . . . . . . 2 . Damage (minor) 1 | . . . . . . . . . . . . . . . . . . . . . . . . . . . . 1 . Damage (major) 6 | . . . . . . . . . . . . . . . . . . . . . . . . . . . . 6 . Damage (core) 1 | . . . . . . . . . . . . . . . . . . . . . . . . . . . . 1 . Siege Activations 8 | . . . . . . . . . . . . . . . . . 1 2 . . . . . . . 3 . 2 . Total Turns 125 | . . . . . . . . . . . . . . . . . 11 19 . . . . . . . 61 . 34 . Longest Duration 55 | . . . . . . . . . . . . . . . . . 11 10 . . . . . . . 55 . 17 . Robots Corrupted 25 | . . . . . . . . . . . . . . . . 1 2 2 . 2 1 . . . . 7 . 10 . Combat Hostiles 24 | . . . . . . . . . . . . . . . . 1 2 2 . 2 1 . . . . 7 . 9 . Parts Fried 67 | . . . . . . . . . . . . . . . . 2 7 6 1 1 3 . . . . 24 2 21 . Impact Corruptions 2 | . . . . . . . . . . . . . . 2 . . . . . . . . . . . . . . . Robots Melted . | . . . . . . . . . . . . . . . . . . . . . . . . . . . . . . Combat Hostiles . | . . . . . . . . . . . . . . . . . . . . . . . . . . . . . . Parts Melted 2 | . 1 . . . . . . . . . . . . . 1 . . . . . . . . . . . . . . Heat Transferred 3081 | . 962 . 481 . . . . . . . . . . . . 50 100 . . . 100 . . . . 50 . 1338 . Parts Sabotaged 1 | . . . . . . . . . . . . . . . . . . . 1 . . . . . . . . . . Parts Stolen . | . . . . . . . . . . . . . . . . . . . . . . . . . . . . . . Parts Stripped . | . . . . . . . . . . . . . . . . . . . . . . . . . . . . . . Power Chain Reactions 4 | . . . . . . . . . . . . . . . . . 1 . . . . . . . . 1 . 2 . Missiles Intercepted . | . . . . . . . . . . . . . . . . . . . . . . . . . . . . . . Alert | -11 -10 -10 -9 -9 -9 -8 -8 -7 -7 -7 -7 -6 -6 -6 -6 -5 -5 -5 -5 -4 -4 -4 -4 -4 -3 -3 -3 -2 -2 ------- Run | Scr Mat Min Mat Min Exi Min Mat Fac Low Low Dat Pro Fac Ext Cet Fac Upp Upp War Pro Fac Upp Upp Zhi Pro Res Qua Res Tes Peak Influence 589 | . 268 88 264 251 . . 285 121 . . . . 373 380 377 563 . . . . 257 . . . . 589 341 434 266 Initial 254 | . . 88 28 81 . . . . . . . . . 122 150 181 . . . . . . . . . . 254 119 56 Average 168 | . 130 88 178 181 . . 155 43 . . . . 92 174 300 226 . . . . 84 . . . . 370 254 147 77 Maximum Alert Level 2 | . 1 . 1 1 . . 1 . . . . . 1 1 1 2 . . . . 1 . . . . 2 1 2 1 Low Security (%) 63 | . 66 100 67 70 . 100 58 100 . . . . 70 76 14 43 . . . . 86 . . . . 25 16 73 98 Level 1 29 | . 33 . 32 29 . . 41 . . . . . 29 23 85 42 . . . . 13 . . . . 6 83 22 1 Level 2 7 | . . . . . . . . . . . . . . . . 14 . . . . . . . . . 67 . 3 . Level 3 . | . . . . . . . . . . . . . . . . . . . . . . . . . . . . . . Level 4 . | . . . . . . . . . . . . . . . . . . . . . . . . . . . . . . Level 5 . | . . . . . . . . . . . . . . . . . . . . . . . . . . . . . . High Security . | . . . . . . . . . . . . . . . . . . . . . . . . . . . . . . Max Security . | . . . . . . . . . . . . . . . . . . . . . . . . . . . . . . Squads Dispatched 39 | . . . 1 . . . 1 3 . 1 . . 3 1 . 10 . . . . 5 . . . . 9 2 . 3 Investigation 11 | . . . . . . . 1 1 . . . . 1 . . 6 . . . . . . . . . 2 . . . Extermination 11 | . . . . . . . . 1 . . . . 2 . . 3 . . . . 3 . . . . 1 1 . . Reinforcement 12 | . . . 1 . . . . 1 . . . . . 1 . 1 . . . . 1 . . . . 3 1 . 3 Assault 3 | . . . . . . . . . . 1 . . . . . . . . . . . . . . . 2 . . . Garrison 2 | . . . . . . . . . . . . . . . . . . . . . 1 . . . . 1 . . . Intercept . | . . . . . . . . . . . . . . . . . . . . . . . . . . . . . . Construction Impeded 1 | . . . . . . . . . . . . . . . . . . . . . . . . . . 1 . . . Haulers Reinforced 1 | . . . . . . . . . . . . . . . . . . . . . . . . . . . . . 1 Stealth | -11 -10 -10 -9 -9 -9 -8 -8 -7 -7 -7 -7 -6 -6 -6 -6 -5 -5 -5 -5 -4 -4 -4 -4 -4 -3 -3 -3 -2 -2 --------- Run | Scr Mat Min Mat Min Exi Min Mat Fac Low Low Dat Pro Fac Ext Cet Fac Upp Upp War Pro Fac Upp Upp Zhi Pro Res Qua Res Tes Distress Signals 21 | . . . 2 . . . 2 1 . . . . . . 2 2 . . . . 2 . . . . 3 1 5 1 Communications Jammed . | . . . . . . . . . . . . . . . . . . . . . . . . . . . . . . Distress Signals . | . . . . . . . . . . . . . . . . . . . . . . . . . . . . . . Times Spotted 402 | . 14 . 18 7 . 3 17 15 1 21 . 5 12 30 17 36 8 6 16 3 24 1 . . 1 54 12 62 19 Peak Tracking Total 14 | . 6 . 4 4 . 3 5 4 1 10 . 3 4 5 5 7 4 2 11 2 4 1 . . 1 8 3 14 11 Tactical Retreats 11 | . . . . . . . . . . 2 . . . . . . 1 . . . . . . . . 2 . 6 . Traps | -11 -10 -10 -9 -9 -9 -8 -8 -7 -7 -7 -7 -6 -6 -6 -6 -5 -5 -5 -5 -4 -4 -4 -4 -4 -3 -3 -3 -2 -2 ------- Run | Scr Mat Min Mat Min Exi Min Mat Fac Low Low Dat Pro Fac Ext Cet Fac Upp Upp War Pro Fac Upp Upp Zhi Pro Res Qua Res Tes Traps Triggered 8 | . . . 2 . . . . . . . . . . 2 . 3 . . . . 1 . . . . . . . . Indirectly . | . . . . . . . . . . . . . . . . . . . . . . . . . . . . . . Trap Hack Attempts . | . . . . . . . . . . . . . . . . . . . . . . . . . . . . . . Triggered . | . . . . . . . . . . . . . . . . . . . . . . . . . . . . . . Disarmed . | . . . . . . . . . . . . . . . . . . . . . . . . . . . . . . Reprogrammed . | . . . . . . . . . . . . . . . . . . . . . . . . . . . . . . Reused . | . . . . . . . . . . . . . . . . . . . . . . . . . . . . . . Traps Extracted . | . . . . . . . . . . . . . . . . . . . . . . . . . . . . . . Installed . | . . . . . . . . . . . . . . . . . . . . . . . . . . . . . . Triggered 12 | . . . . . . . . . . . . . . . . . . . 12 . . . . . . . . . . Machines | -11 -10 -10 -9 -9 -9 -8 -8 -7 -7 -7 -7 -6 -6 -6 -6 -5 -5 -5 -5 -4 -4 -4 -4 -4 -3 -3 -3 -2 -2 ---------- Run | Scr Mat Min Mat Min Exi Min Mat Fac Low Low Dat Pro Fac Ext Cet Fac Upp Upp War Pro Fac Upp Upp Zhi Pro Res Qua Res Tes Machines Disabled 37 | . 1 . . . . . . . . . . . 16 . 1 11 . . . . 2 . . . . 2 . 1 3 Max in Single Turn 4 | . 1 . . . . . . . . . . . . . . 4 . . . . 2 . . . . 1 . 1 1 Garrison Access 5 | . . . . . . . . . . . . . . . . 1 . . . . 1 . . . . 2 . 1 . Machines Sabotaged . | . . . . . . . . . . . . . . . . . . . . . . . . . . . . . . Garrisons Compromised . | . . . . . . . . . . . . . . . . . . . . . . . . . . . . . . Overloaded Fab Kills . | . . . . . . . . . . . . . . . . . . . . . . . . . . . . . . Fab Network Shutdowns . | . . . . . . . . . . . . . . . . . . . . . . . . . . . . . . Hacking | -11 -10 -10 -9 -9 -9 -8 -8 -7 -7 -7 -7 -6 -6 -6 -6 -5 -5 -5 -5 -4 -4 -4 -4 -4 -3 -3 -3 -2 -2 --------- Run | Scr Mat Min Mat Min Exi Min Mat Fac Low Low Dat Pro Fac Ext Cet Fac Upp Upp War Pro Fac Upp Upp Zhi Pro Res Qua Res Tes Machines Accessed 59 | . 2 . 4 . 1 . 3 5 . . 3 . 3 4 1 12 . . 4 . 6 . . 4 . 4 . 1 2 Terminals 27 | . 2 . 3 . . . 3 2 . . . . 2 3 1 6 . . . . 2 . . . . 2 . . 1 Fabricators 7 | . . . . . . . . 1 . . . . . . . 3 . . . . 2 . . . . 1 . . . Repair Stations 8 | . . . 1 . . . . 2 . . . . 1 1 . 1 . . . . 1 . . . . . . . 1 Recycling Units . | . . . . . . . . . . . . . . . . . . . . . . . . . . . . . . Scanalyzers . | . . . . . . . . . . . . . . . . . . . . . . . . . . . . . . Garrison Access 5 | . . . . . . . . . . . . . . . . 2 . . . . 1 . . . . 1 . 1 . Total Hacks 184 | . 5 . 14 . 1 . 12 14 . . 19 . 9 10 2 40 . . 6 . 16 . . 17 . 14 . 2 3 Successful 120 | . 3 . 10 . 1 . 3 7 . . 19 . 5 6 1 21 . . 6 . 15 . . 17 . 5 . 1 . Failed 63 | . 1 . 4 . . . 9 7 . . . . 4 4 1 19 . . . . 1 . . . . 9 . 1 3 Catastrophic 8 | . . . . . . . 2 . . . . . 1 . . 5 . . . . . . . . . . . . . Database Lockouts 1 | . 1 . . . . . . . . . . . . . . . . . . . . . . . . . . . . Manual 45 | . 5 . 8 . . . 11 5 . . . . 1 2 1 4 . . 1 . 5 . . . . . . . 2 Terminals 75 | . 5 . 10 . . . 12 5 . . . . 5 7 2 18 . . . . 5 . . . . 4 . . 2 Fabricators 27 | . . . . . . . . 3 . . . . . . . 11 . . . . 6 . . . . 7 . . . Repair Stations 29 | . . . 4 . . . . 6 . . . . 4 3 . 7 . . . . 4 . . . . . . . 1 Recycling Units . | . . . . . . . . . . . . . . . . . . . . . . . . . . . . . . Scanalyzers . | . . . . . . . . . . . . . . . . . . . . . . . . . . . . . . Garrison Access 10 | . . . . . . . . . . . . . . . . 4 . . . . 1 . . . . 3 . 2 . Terminal Hacks 71 | . 3 . 4 . 1 . 3 1 . . 19 . 1 3 1 7 . . 6 . 4 . . 17 . 1 . . . Record 18 | . . . . . 1 . . . . . 6 . . . . . . . 5 . 1 . . 5 . . . . . Part Schematic 15 | . 2 . 1 . . . . . . . 5 . . . . 2 . . . . 1 . . 4 . . . . . Robot Schematic 5 | . . . . . . . . . . . 5 . . . . . . . . . . . . . . . . . . Robot Analysis 4 | . . . . . . . . . . . . . . . . . . . . . . . . 4 . . . . . Prototype ID Bank 8 | . . . 1 . . . . . . . 3 . . . . . . . . . . . . 4 . . . . . Open Door 2 | . . . . . . . . . . . . . . . 1 . . . 1 . . . . . . . . . . Level Access Points 1 | . . . . . . . . 1 . . . . . . . . . . . . . . . . . . . . . Branch Access Points 5 | . . . 1 . . . . . . . . . 1 . . 1 . . . . 1 . . . . 1 . . . Alert Level 4 | . . . . . . . 1 . . . . . . 1 . 2 . . . . . . . . . . . . . Unreport Threat 5 | . . . . . . . 2 . . . . . . 1 . 2 . . . . . . . . . . . . . Recall Reinforcements 1 | . . . . . . . . . . . . . . . . . . . . . 1 . . . . . . . . Hauler Manifests 2 | . . . 1 . . . . . . . . . . 1 . . . . . . . . . . . . . . . Zone Layout 1 | . 1 . . . . . . . . . . . . . . . . . . . . . . . . . . . . Fabricator Hacks 15 | . . . . . . . . 2 . . . . . . . 5 . . . . 4 . . . . 4 . . . Load Schematic 7 | . . . . . . . . 1 . . . . . . . 2 . . . . 2 . . . . 2 . . . Build 8 | . . . . . . . . 1 . . . . . . . 3 . . . . 2 . . . . 2 . . . Repair Station Hacks 23 | . . . 4 . . . . 3 . . . . 4 2 . 6 . . . . 4 . . . . . . . . Scan Component 12 | . . . 2 . . . . 2 . . . . 2 1 . 3 . . . . 2 . . . . . . . . Repair 11 | . . . 2 . . . . 1 . . . . 2 1 . 3 . . . . 2 . . . . . . . . Recycling Unit Hacks . | . . . . . . . . . . . . . . . . . . . . . . . . . . . . . . Scanalyzer . | . . . . . . . . . . . . . . . . . . . . . . . . . . . . . . Garrison Access Hacks 2 | . . . . . . . . . . . . . . . . . . . . . 1 . . . . . . 1 . Seal Access 2 | . . . . . . . . . . . . . . . . . . . . . 1 . . . . . . 1 . Unauthorized Hacks 9 | . . . 2 . . . . 1 . . . . . 1 . 3 . . . . 2 . . . . . . . . Terminals 4 | . . . 2 . . . . 1 . . . . . 1 . . . . . . . . . . . . . . . Botnet 3 | . . . 1 . . . . 1 . . . . . 1 . . . . . . . . . . . . . . . Operators 1 | . . . 1 . . . . . . . . . . . . . . . . . . . . . . . . . . Fabricators 4 | . . . . . . . . . . . . . . . . 2 . . . . 2 . . . . . . . . Prioritize 3 | . . . . . . . . . . . . . . . . 2 . . . . 1 . . . . . . . . Siphon 1 | . . . . . . . . . . . . . . . . . . . . . 1 . . . . . . . . Repair Stations . | . . . . . . . . . . . . . . . . . . . . . . . . . . . . . . Recycling Units . | . . . . . . . . . . . . . . . . . . . . . . . . . . . . . . Scanalyzers . | . . . . . . . . . . . . . . . . . . . . . . . . . . . . . . Garrison Access 1 | . . . . . . . . . . . . . . . . 1 . . . . . . . . . . . . . Jam 1 | . . . . . . . . . . . . . . . . 1 . . . . . . . . . . . . . Data Cores Recovered 3 | . . . . . . . 1 . . . . . . . . 1 . . . . 1 . . . . . . . . Used 3 | . . . . . . . 1 . . . . . . . . 1 . . . . 1 . . . . . . . . Hacking Detections 40 | . 1 . 3 . . . 3 5 . . . . 2 3 2 10 . . . . 4 . . . . 4 . 1 2 Full Trace Events 9 | . . . . . . . 1 1 . . . . 1 . . 4 . . . . . . . . . 2 . . . Feedback Events . | . . . . . . . . . . . . . . . . . . . . . . . . . . . . . . Feedback Blocked . | . . . . . . . . . . . . . . . . . . . . . . . . . . . . . . Robot Schematics Acquired 5 | . . . . . . . . . . . 5 . . . . . . . . . . . . . . . . . . Robots Built . | . . . . . . . . . . . . . . . . . . . . . . . . . . . . . . Matter 252 | . . . . . . . . . . . . . . . . 252 . . . . . . . . . . . . . Time 67 | . . . . . . . . . . . . . . . . 67 . . . . . . . . . . . . . Total Robot Build Rating . | . . . . . . . . . . . . . . . . . . . . . . . . . . . . . . Part Schematics Acquired 14 | . 2 . . . . . . . . . 5 . . . . 2 . . . . 1 . . 4 . . . . . Parts Built 10 | . . . . . . . . 1 . . . . . . . 3 . . . . 4 . . . . 2 . . . Matter 1460 | . . . . . . . . 102 . . . . . . . 490 . . . . 448 . . . . 420 . . . Time 442 | . . . . . . . . 51 . . . . . . . 186 . . . . 96 . . . . 109 . . . Total Part Build Rating 63 | . . . . . . . . 1 . . . . . . . 23 . . . . 32 . . . . 7 . . . Parts Repaired 11 | . . . 2 . . . . 1 . . . . 2 1 . 3 . . . . 2 . . . . . . . . Time 584 | . . . 52 . . . . 19 . . . . 64 25 . 208 . . . . 216 . . . . . . . . Parts Recycled . | . . . . . . . . . . . . . . . . . . . . . . . . . . . . . . Recycled Matter . | . . . . . . . . . . . . . . . . . . . . . . . . . . . . . . Retrieved Matter . | . . . . . . . . . . . . . . . . . . . . . . . . . . . . . . Retrieved Components . | . . . . . . . . . . . . . . . . . . . . . . . . . . . . . . Parts Scanalyzed . | . . . . . . . . . . . . . . . . . . . . . . . . . . . . . . Part Schematics Acquired . | . . . . . . . . . . . . . . . . . . . . . . . . . . . . . . Parts Damaged . | . . . . . . . . . . . . . . . . . . . . . . . . . . . . . . Bothacking | -11 -10 -10 -9 -9 -9 -8 -8 -7 -7 -7 -7 -6 -6 -6 -6 -5 -5 -5 -5 -4 -4 -4 -4 -4 -3 -3 -3 -2 -2 ------------ Run | Scr Mat Min Mat Min Exi Min Mat Fac Low Low Dat Pro Fac Ext Cet Fac Upp Upp War Pro Fac Upp Upp Zhi Pro Res Qua Res Tes Used RIF Installer . | . . . . . . . . . . . . . . . . . . . . . . . . . . . . . . Robots Hacked . | . . . . . . . . . . . . . . . . . . . . . . . . . . . . . . Non-combat . | . . . . . . . . . . . . . . . . . . . . . . . . . . . . . . Combat . | . . . . . . . . . . . . . . . . . . . . . . . . . . . . . . Robot Hacks Applied . | . . . . . . . . . . . . . . . . . . . . . . . . . . . . . . Relay Couplers Released 15 | . . . . . . . . . . . . . . . . . . . . . . . . . . 4 4 7 . Machine Destruction 4 | . . . . . . . . . . . . . . . . . . . . . . . . . . 4 . . . Programmers 11 | . . . . . . . . . . . . . . . . . . . . . . . . . . . 4 7 . Robots Rewired 16 | . . . . . . . . . . . . . . 11 . . . . 5 . . . . . . . . . . Allies Hacked 1 | . . . . . . . . . . . . . . . . . . . 1 . . . . . . . . . . Hacks Repelled . | . . . . . . . . . . . . . . . . . . . . . . . . . . . . . . Allies | -11 -10 -10 -9 -9 -9 -8 -8 -7 -7 -7 -7 -6 -6 -6 -6 -5 -5 -5 -5 -4 -4 -4 -4 -4 -3 -3 -3 -2 -2 -------- Run | Scr Mat Min Mat Min Exi Min Mat Fac Low Low Dat Pro Fac Ext Cet Fac Upp Upp War Pro Fac Upp Upp Zhi Pro Res Qua Res Tes Total Allies 33 | . . . . . . . . . . . . 1 . 22 5 . . . 5 . . . . . . . . . . Largest Group 13 | . . . . . . . . . . . . 1 1 13 13 4 . . 5 . . . . . . . . . . Highest-Rated Group 556 | . . . . . . . . . . . . 95 95 525 556 313 . . 226 . . . . . . . . . . Highest-Rated Ally 156 | . . . . . . . . . . . . 95 95 156 149 95 . . 49 . . . . . . . . . . Total Orders 3 | . . . . . . . . . . . . . . . . . . . 3 . . . . . . . . . . STAY 1 | . . . . . . . . . . . . . . . . . . . 1 . . . . . . . . . . ROAM 1 | . . . . . . . . . . . . . . . . . . . 1 . . . . . . . . . . FOLLOW 1 | . . . . . . . . . . . . . . . . . . . 1 . . . . . . . . . . Ally Attacks 299 | . . . . . . . . . . . . 11 17 101 128 21 . . 21 . . . . . . . . . . Total Damage 8825 | . . . . . . . . . . . . 382 1109 2132 3718 646 . . 838 . . . . . . . . . . Kills 60 | . . . . . . . . . . . . 3 6 20 20 4 . . 7 . . . . . . . . . . Allies Corrupted . | . . . . . . . . . . . . . . . . . . . . . . . . . . . . . . Allies Melted . | . . . . . . . . . . . . . . . . . . . . . . . . . . . . . . Intel | -11 -10 -10 -9 -9 -9 -8 -8 -7 -7 -7 -7 -6 -6 -6 -6 -5 -5 -5 -5 -4 -4 -4 -4 -4 -3 -3 -3 -2 -2 ------- Run | Scr Mat Min Mat Min Exi Min Mat Fac Low Low Dat Pro Fac Ext Cet Fac Upp Upp War Pro Fac Upp Upp Zhi Pro Res Qua Res Tes Robot Analysis Total 4 | . . . . . . . . . . . . . . . . . . . . . . . . 4 . . . . . Derelict Logs Recovered 7 | . . . . 1 . . . . 1 1 . 1 . . . . 1 1 . 1 . . . . . . . . . Drone Launches . | . . . . . . . . . . . . . . . . . . . . . . . . . . . . . . Drone Recoveries . | . . . . . . . . . . . . . . . . . . . . . . . . . . . . . . Exploration | -11 -10 -10 -9 -9 -9 -8 -8 -7 -7 -7 -7 -6 -6 -6 -6 -5 -5 -5 -5 -4 -4 -4 -4 -4 -3 -3 -3 -2 -2 ------------- Run | Scr Mat Min Mat Min Exi Min Mat Fac Low Low Dat Pro Fac Ext Cet Fac Upp Upp War Pro Fac Upp Upp Zhi Pro Res Qua Res Tes Turns Passed 20565 | . 279 76 514 457 205 28 532 1476 522 810 198 746 1309 1177 627 2393 458 491 945 545 1261 418 434 269 454 918 661 2154 208 Spaces Moved 9975 | 1 145 64 201 353 171 23 321 721 256 310 76 202 434 701 296 1109 250 239 548 326 475 233 242 144 250 364 213 988 319 Core 177 | . . . . . . . . . . . . . . . . . . . . . . . . . . 127 50 . . Treads 5798 | . . . 76 . . . . . . 88 76 202 145 . 165 1109 250 239 548 326 475 233 242 144 250 237 121 872 . Legs 3523 | 1 145 64 125 353 171 23 321 721 256 222 . . 289 701 131 . . . . . . . . . . . . . . Wheels . | . . . . . . . . . . . . . . . . . . . . . . . . . . . . . . Hover 263 | . . . . . . . . . . . . . . . . . . . . . . . . . . . 42 116 105 Flight 214 | . . . . . . . . . . . . . . . . . . . . . . . . . . . . . 214 Fastest Speed 30 | 120 120 120 120 120 120 120 120 120 200 200 260 260 120 120 120 160 160 160 155 155 157 180 180 180 180 50 50 58 30 Average Speed 167 | 120 120 120 167 120 120 120 120 179 200 217 260 357 257 120 189 160 160 160 159 156 183 180 180 180 180 133 195 173 45 Slowest Speed 580 | 120 120 120 360 120 120 120 120 200 200 260 260 360 360 120 360 160 160 160 160 157 257 180 180 180 180 290 336 580 101 Overloaded Moves . | . . . . . . . . . . . . . . . . . . . . . . . . . . . . . . Propulsion Burnouts . | . . . . . . . . . . . . . . . . . . . . . . . . . . . . . . Robots Hopped 6 | . . . . . . . . . . . . . . . . . . . . . . . . . . . . . 6 Cave-ins Triggered . | . . . . . . . . . . . . . . . . . . . . . . . . . . . . . . Exploration Rate (%) 42 | 2 34 27 22 67 53 9 34 21 63 45 72 39 10 88 72 35 49 52 80 62 12 47 47 62 48 17 29 35 36 Regions Visited 29 Branch Regions 20 Pre-discovered Areas 8 | . . . . 1 1 . . . 1 . 1 . . . . . . 1 . . . . . 3 . . . . . Known Exits Taken 7 | . . . 1 . . . . . . . . 1 1 . . 1 . . . 1 1 . . . . 1 . . . Unknown Exits Taken 22 | 1 1 1 . 1 1 1 1 1 1 1 1 . . 1 1 . 1 1 1 . . 1 1 1 1 . 1 1 . Scrap Searched 9 | . . . . 1 . . . . . 1 . 1 . . . . 1 . . 2 . 2 1 . . . . . . Spaces Dug 12 | . . . . . . . . 1 . . . . 2 . . 7 . . . . . . . . . . . 1 1 Terrain Destroyed 226 | . . . . . . . . 35 . 34 . . 2 . . 48 14 . . . 23 . . . . 16 3 19 32 Melee 6 | . . . . . . . . 1 . . . . 2 . . 1 . . . . . . . . . . . 1 1 Projectile 42 | . . . . . . . . . . 2 . . . . . 28 . . . . . . . . . 1 3 8 . AOE 178 | . . . . . . . . 34 . 32 . . . . . 19 14 . . . 23 . . . . 15 . 10 31 Terrain Rammed . | . . . . . . . . . . . . . . . . . . . . . . . . . . . . . . Walls Destroyed . | . . . . . . . . . . . . . . . . . . . . . . . . . . . . . . Machines Disabled . | . . . . . . . . . . . . . . . . . . . . . . . . . . . . . . Actions | -11 -10 -10 -9 -9 -9 -8 -8 -7 -7 -7 -7 -6 -6 -6 -6 -5 -5 -5 -5 -4 -4 -4 -4 -4 -3 -3 -3 -2 -2 --------- Run | Scr Mat Min Mat Min Exi Min Mat Fac Low Low Dat Pro Fac Ext Cet Fac Upp Upp War Pro Fac Upp Upp Zhi Pro Res Qua Res Tes Total 12724 | . 185 63 315 367 174 23 415 849 259 368 79 213 568 987 347 1619 276 308 612 343 802 232 241 154 251 637 358 1318 361 Wait 1295 | . 4 . 53 1 . . 27 31 . . . 1 67 146 5 358 6 41 4 . 261 . . 1 . 122 44 120 3 Move 9936 | . 144 63 200 352 170 22 320 720 255 309 75 201 433 700 295 1108 249 238 547 325 474 232 241 143 249 364 212 987 308 Hop 5 | . . . . . . . . . . . . . . . . . . . . . . . . . . . . . 5 Pick Up 115 | . 2 . 13 2 2 . 7 16 . . . 1 8 8 5 16 1 . 3 . 5 . . 1 . 3 6 14 2 Fast Attach 130 | . 1 . 5 . . . 9 2 . . . 1 12 3 9 10 . . 8 . 8 . . 4 . 8 8 25 17 Attach 87 | . 1 . 3 . . . 1 5 . 12 2 . 2 . 3 2 1 4 3 3 2 . . . . 14 10 17 2 Detach 38 | . . . 2 . . . . 2 . . 2 . 3 . 3 3 1 . 3 . 4 . . . . . . 11 4 Swap 74 | . . . 4 . . . 2 14 . 1 . . 4 . 3 18 2 1 . 5 6 . . 1 . 10 . 3 . Drop 119 | . . . 2 2 2 . 16 16 . . . . 4 13 13 23 . . 6 . 3 . . 4 . 2 . 4 9 Fire 750 | . 33 . 33 10 . . 32 40 4 46 . 9 21 36 11 73 16 24 3 10 38 . . . 2 111 59 135 4 Melee 26 | . . . . . . . . 1 . . . . 11 . . 5 . . . . . . . . . . . 2 7 Ram 1 | . . . . . . . . . . . . . . . . . . . . . . . . . . . 1 . . Kick 14 | . . . . . . 1 1 2 . . . . 3 7 . . . . . . . . . . . . . . . Crush 25 | . . . . . . . . . . . . . . . . 3 . . . . 1 . . . . 3 18 . . Escape Stasis 5 | . . . . . . . . . . . . . . 5 . . . . . . . . . . . . . . . Rewire 104 | . . . . . . . . . . . . . . 69 . . . . 35 . . . . . . . . . . Trap . | . . . . . . . . . . . . . . . . . . . . . . . . . . . . . . Miscellaneous . | . . . . . . . . . . . . . . . . . . . . . . . . . . . . . . Route ------- -11/Scrapyard -10/Materials (discovered 2 exits: *Mat / [*Min]) -10/Mines -9/Materials (discovered 3 exits: *Min / Sto x2) -9/Mines (discovered 2 exits: *Mat / *Exi) -9/Exiles -8/Mines -8/Materials -7/Factory (discovered 5 exits: Fac x4 / [*Low]) -7/Lower Caves -7/Lower Caves -7/Data Miner -6/Proximity Caves -6/Factory (discovered 4 exits: Low x2 / *Ext x2) -6/Extension (discovered 2 exits: *Fac / *Cet) -6/Cetus (discovered 2 exits: *Fac / [*Arc]) -5/Factory (discovered 4 exits: *Fac x2 / *Upp x2) -5/Upper Caves -5/Upper Caves (discovered 2 exits: *Fac / *War) -5/Warlord -4/Proximity Caves -4/Factory (discovered 5 exits: *Res x2 / *Upp x2 / Arm) -4/Upper Caves -4/Upper Caves -4/Zhirov -3/Proximity Caves -3/Research (discovered 2 exits: *Qua x2) -3/Quarantine -2/Research -2/Testing History --------- Turn | Location | Event 1 | -11/Scrapyard | Discovered new exit (range 0) 1 | -11/Scrapyard | Entered Materials 37 | -10/Materials | Central database locked down 230 | -10/Materials | Discovered new exit (range 10) 249 | -10/Materials | Discovered new exit (range 14) 280 | -10/Materials | Entered Mines 315 | -10/Mines | Build established: Mutant 344 | -10/Mines | Discovered new exit (range 10) 356 | -10/Mines | Entered Materials 356 | -9/Materials | Evolved 2 slots: Propulsion x2 429 | -9/Materials | Identified exit to Mines 429 | -9/Materials | Identified exit to Storage 687 | -9/Materials | Repaired Lgt. Treads 714 | -9/Materials | Repaired Lgt. Armor Plating 870 | -9/Materials | Entered Mines 919 | -9/Mines | Assembled infested the area 924 | -9/Mines | Assisted by a Guerilla fighting off Assembled 1056 | -9/Mines | A weapon hastily lodged in a ceiling crevice suddenly fell to the ground 1296 | -9/Mines | Discovered new exit (range 6) 1297 | -9/Mines | Discovered new exit (range 9) 1306 | -9/Mines | Received a Rocket Launcher from a helpful Derelict 1322 | -9/Mines | Deemed a non-threat by the Exiles lab entrance 1327 | -9/Mines | Entered Exiles 1357 | -9/Exiles | Met 8R-AWN 1378 | -9/Exiles | Met EX-HEX 1441 | -9/Exiles | Met EX-DEC 1466 | -9/Exiles | Learned location of Zion (-6) 1523 | -9/Exiles | Discovered new exit (range 10) 1532 | -9/Exiles | Entered Mines 1555 | -8/Mines | Discovered new exit (range 5) 1560 | -8/Mines | Entered Materials 1560 | -8/Materials | Evolved 2 slots: Utility x2 2058 | -8/Materials | Discovered new exit (range 17) 2092 | -8/Materials | Entered Factory 2092 | -7/Factory | Evolved 2 slots: Propulsion x1, Utility x1 2162 | -7/Factory | Repaired Carbon-fiber Leg 2263 | -7/Factory | Discovered new exit (range 18) 2349 | -7/Factory | Fabricated Huge Storage Unit (x1) 2701 | -7/Factory | Identified exit to Factory 3431 | -7/Factory | Build established: Scavenger-Mutant 3568 | -7/Factory | Entered Lower Caves 3820 | -7/Lower Caves | Attracted the attention of an 0b10 checkpoint 4072 | -7/Lower Caves | Discovered new exit (range 10) 4090 | -7/Lower Caves | Entered another Lower Caves area 4092 | -7/Lower Caves | Attracted the attention of an 0b10 checkpoint 4164 | -7/Lower Caves | Learned Factory terminal intel 4489 | -7/Lower Caves | Encountered a Warlord checkpoint 4576 | -7/Lower Caves | Attracted the attention of an 0b10 outpost 4656 | -7/Lower Caves | Lost 13 parts (1p6n3u3w) 4858 | -7/Lower Caves | Discovered new exit (range 10) 4896 | -7/Lower Caves | Build established: Mutant 4900 | -7/Lower Caves | Entered Data Miner 4900 | -7/Data Miner | Discovered new exit (range 6) 4940 | -7/Data Miner | Met Data Miner 5000 | -7/Data Miner | Learned location of Section 7 (-2) 5000 | -7/Data Miner | Acquired the access code to Warlord's prototype stash 5037 | -7/Data Miner | Received God Mode back door access code from Data Miner 5098 | -7/Data Miner | Entered Proximity Caves 5111 | -6/Proximity Caves | Escorted by Enhanced Grunt 5111 | -6/Proximity Caves | Attracted the attention of an 0b10 checkpoint 5660 | -6/Proximity Caves | Learned Factory interactive machine intel 5811 | -6/Proximity Caves | Discovered exit to Factory (range 8) 5844 | -6/Proximity Caves | Entered Factory 5844 | -6/Factory | Accompanied by 1 ally 5844 | -6/Factory | Evolved 2 slots: Propulsion x1, Utility x1 5845 | -6/Factory | Loaded intel: 48 interactive machine locations 5846 | -6/Factory | Loaded intel: 22 terminal locations 6556 | -6/Factory | Identified exit to Lower Caves 6556 | -6/Factory | Identified exit to Extension 6576 | -6/Factory | Incoming investigation squad redirected 6703 | -6/Factory | Build established: Scavenger-Mutant 6814 | -6/Factory | Repaired Lgt. Treads 6853 | -6/Factory | Repaired Carbon-fiber Leg 7098 | -6/Factory | Found Corrupted Prototype Device 7098 | -6/Factory | Identified Exp. Thermal Shield 7099 | -6/Factory | System corruption reached 10% 7153 | -6/Factory | Entered Extension 7296 | -6/Extension | Rescued a captive Derelict 7345 | -6/Extension | Repaired Hvy. Flak Cannon 7352 | -6/Extension | Rescued a captive Derelict 7454 | -6/Extension | Rescued a captive Derelict 7455 | -6/Extension | Rescued a captive Derelict 7564 | -6/Extension | Spotted B-75 Beast 7585 | -6/Extension | Rescued a captive Derelict 7585 | -6/Extension | Rescued a captive Derelict 7841 | -6/Extension | Build established: Commander-Mutant 7953 | -6/Extension | Disrupted transfer network 7953 | -6/Extension | Allies destroyed B-75 Beast 7960 | -6/Extension | Spotted B-75 Beast 7986 | -6/Extension | Allies destroyed B-75 Beast 8041 | -6/Extension | Rescued A7 8102 | -6/Extension | Rescued a captive Derelict 8105 | -6/Extension | Rescued a captive Derelict 8159 | -6/Extension | Rescued a captive Derelict 8160 | -6/Extension | Rescued a captive Derelict 8281 | -6/Extension | Discovered new exit (range 10) 8282 | -6/Extension | Discovered new exit (range 6) 8330 | -6/Extension | Entered Cetus 8330 | -6/Cetus | Accompanied by 13 allies (A7) 8335 | -6/Cetus | Acquired a Cetus Manufacturing Module code from A7 8346 | -6/Cetus | Spotted Cetus Guard 8346 | -6/Cetus | Spotted Cetus Guard 8346 | -6/Cetus | Spotted Cetus Guard 8346 | -6/Cetus | Spotted Cetus Guard 8359 | -6/Cetus | Allies destroyed Cetus Guard 8361 | -6/Cetus | Allies destroyed Cetus Guard 8361 | -6/Cetus | Destroyed Cetus Guard 8363 | -6/Cetus | Destroyed Cetus Guard 8427 | -6/Cetus | Escorted A7 to Cetus Mainframe 8449 | -6/Cetus | Started Cetus Manufacturing Module 8458 | -6/Cetus | Discovered new exit (range 20) 8474 | -6/Cetus | Manufactured an Enhanced Grunt 8486 | -6/Cetus | Spotted Cetus Guard 8486 | -6/Cetus | Spotted Cetus Guard 8487 | -6/Cetus | Spotted Cetus Guard 8487 | -6/Cetus | Spotted Cetus Guard 8494 | -6/Cetus | Discovered new exit (range 19) 8499 | -6/Cetus | Manufactured an Enhanced Grunt 8504 | -6/Cetus | Allies destroyed Cetus Guard 8506 | -6/Cetus | Allies destroyed Cetus Guard 8523 | -6/Cetus | Destroyed Cetus Guard 8524 | -6/Cetus | Manufactured an Enhanced Grunt 8524 | -6/Cetus | Allies destroyed Cetus Guard 8528 | -6/Cetus | Met Revision 17 8549 | -6/Cetus | Manufactured an Enhanced Grunt 8574 | -6/Cetus | Manufactured an Enhanced Grunt 8661 | -6/Cetus | Build established: Scavenger-Mutant 8825 | -6/Cetus | Extracted ID and sensor layout for unrecognized location from A7's data core 8957 | -6/Cetus | Entered Factory 8957 | -5/Factory | Accompanied by 4 allies 8957 | -5/Factory | Evolved 2 slots: Utility x2 9072 | -5/Factory | Fabricated Linear Accelerator? 9611 | -5/Factory | Incoming investigation squad redirected 9654 | -5/Factory | Discovered new exit (range 9) 9670 | -5/Factory | Identified exit to Factory 9688 | -5/Factory | Spotted B-75 Beast 9741 | -5/Factory | Repaired Imp. Heavy Armor Plating 9926 | -5/Factory | Repaired Centrium Heavy Treads 9977 | -5/Factory | Repaired Hvy. Flak Cannon 10237 | -5/Factory | Discovered exit to Factory (range 7) 10545 | -5/Factory | Identified exit to Upper Caves 10974 | -5/Factory | Incoming investigation squad redirected 11193 | -5/Factory | Fabricated HERF Cannon (x1) 11221 | -5/Factory | Incoming investigation squad redirected 11350 | -5/Factory | Entered Upper Caves 11373 | -5/Upper Caves | Build established: Hacker-Mutant 11474 | -5/Upper Caves | Learned Factory stockpile data 11698 | -5/Upper Caves | Encountered a Warlord checkpoint 11755 | -5/Upper Caves | Discovered new exit (range 12) 11808 | -5/Upper Caves | Entered another Upper Caves area 11808 | -5/Upper Caves | Discovered exit to Factory (range 19) 12092 | -5/Upper Caves | Attracted the attention of an 0b10 checkpoint 12233 | -5/Upper Caves | Learned location of Armory (-4) 12284 | -5/Upper Caves | Discovered new exit (range 10) 12299 | -5/Upper Caves | Entered Warlord 12354 | -5/Warlord | System corruption cleaned by Quarantine Array 12414 | -5/Warlord | Build established: Scavenger-Mutant 12541 | -5/Warlord | Learned Armory trap positions 12542 | -5/Warlord | Learned 4 Research zone layouts 12542 | -5/Warlord | Learned 4 Research zone layouts 12544 | -5/Warlord | Learned Factory fabricator intel 12544 | -5/Warlord | Learned Research terminal intel 12887 | -5/Warlord | Met Warlord 12902 | -5/Warlord | Opened Warlord's prototype stash 12910 | -5/Warlord | Found Prototype Reactor 12912 | -5/Warlord | Warlord's base attacked by MAIN.C 12918 | -5/Warlord | Found Prototype Device 12918 | -5/Warlord | Identified Exp. Focal Shield 12927 | -5/Warlord | Found Prototype Hackware 12931 | -5/Warlord | Found Prototype Processor 12947 | -5/Warlord | Found Prototype Processor 12947 | -5/Warlord | Identified Exp. Targeting Computer 13185 | -5/Warlord | Opened side exit 13219 | -5/Warlord | Spotted Striker 13224 | -5/Warlord | Discovered new exit (range 10) 13244 | -5/Warlord | Entered Proximity Caves 13268 | -4/Proximity Caves | Lost 3 parts (2n1w) 13505 | -4/Proximity Caves | Learned Research terminal intel 13780 | -4/Proximity Caves | Discovered exit to Factory (range 7) 13789 | -4/Proximity Caves | Entered Factory 13789 | -4/Factory | Evolved 2 slots: Power x1, Utility x1 13790 | -4/Factory | Identified Vortex Chain Reactor 13791 | -4/Factory | Loaded intel: 6 fabricator locations 13927 | -4/Factory | Identified exit to Upper Caves 13927 | -4/Factory | Identified exit to Armory 14080 | -4/Factory | Discovered new exit (range 20) 14122 | -4/Factory | Build established: Hacker-Mutant 14169 | -4/Factory | Fabricated Imp. Heavy Siege Treads (x2) 14362 | -4/Factory | Repaired Centrium Medium Armor Plating 14396 | -4/Factory | System corruption reached 10% 14489 | -4/Factory | Repaired Centrium Medium Armor Plating 14614 | -4/Factory | Garrison activated, responded to threat 14845 | -4/Factory | Fabricated Imp. Heavy Siege Treads (x2) 14984 | -4/Factory | Discovered new exit (range 11) 15050 | -4/Factory | Entered Upper Caves 15371 | -4/Upper Caves | Discovered new exit (range 13) 15443 | -4/Upper Caves | Attracted the attention of an 0b10 checkpoint 15468 | -4/Upper Caves | Entered another Upper Caves area 15882 | -4/Upper Caves | Discovered new exit (range 6) 15902 | -4/Upper Caves | Entered Zhirov 15902 | -4/Zhirov | Discovered new exit (range 4) 15981 | -4/Zhirov | Learned location of Quarantine (-3) 15981 | -4/Zhirov | Learned location of Testing (-2) 15981 | -4/Zhirov | Learned location of Command (-1) 16035 | -4/Zhirov | Found Alien Artifact 16035 | -4/Zhirov | Identified Integrated Dissipator 16035 | -4/Zhirov | Installed Integrated Dissipator, increased core heat dissipation (+20) 16061 | -4/Zhirov | Found Alien Artifact 16171 | -4/Zhirov | Entered Proximity Caves 16425 | -3/Proximity Caves | Spotted B-86 Titan 16612 | -3/Proximity Caves | Discovered new exit (range 8) 16625 | -3/Proximity Caves | Entered Research 16625 | -3/Research | Evolved 2 slots: Propulsion x2 16626 | -3/Research | Identified exit to Quarantine 16627 | -3/Research | Loaded intel: 19 terminal locations 16675 | -3/Research | Spotted B-86 Titan 16877 | -3/Research | Incoming investigation squad redirected 17032 | -3/Research | System corruption reached 10% 17121 | -3/Research | Lost 5 parts (1p2n1u1w) 17180 | -3/Research | Identified Ghost Barrier 17210 | -3/Research | Fabricated Huge Storage Unit (x1) 17295 | -3/Research | Fabricated Exp. Heat Sink (x1) 17306 | -3/Research | Garrison activated, responded to threat 17358 | -3/Research | Spotted B-86 Titan 17363 | -3/Research | Lost 8 parts (2p3n1u2w) 17475 | -3/Research | Released all parts (8) 17506 | -3/Research | Lost 9 parts (1p3n2u3w) 17543 | -3/Research | Entered Quarantine 17583 | -3/Quarantine | Identified Exp. Armor Integrity Analyzer 17663 | -3/Quarantine | Core integrity fell below 50% 17717 | -3/Quarantine | Lost 4 parts (1n2u1w) 17757 | -3/Quarantine | Build established: Mutant 17830 | -3/Quarantine | System corruption reached 30% 17989 | -3/Quarantine | Scanned by Researcher 18069 | -3/Quarantine | Lost 3 parts (2n1u) 18098 | -3/Quarantine | Discovered new exit (range 9) 18167 | -3/Quarantine | Found Quantum Capacitor 18204 | -3/Quarantine | Entered Research 18204 | -2/Research | Warlord forces began assault on 0b10 18204 | -2/Research | Evolved 2 slots: Utility x2 18205 | -2/Research | Loaded intel: 19 terminal locations 18234 | -2/Research | Met up with Warlord 18314 | -2/Research | Research machine network offline 18332 | -2/Research | Build established: Scavenger-Mutant 18706 | -2/Research | Borebot progress halted 18764 | -2/Research | Lost 4 parts (1n1u2w) 18770 | -2/Research | Destroyed 9 combat bots 18873 | -2/Research | Spotted Striker 18882 | -2/Research | Destroyed Striker 18948 | -2/Research | Destroyed 8 combat bots 19505 | -2/Research | System corruption reached 10% 19790 | -2/Research | Spotted Striker 19860 | -2/Research | Found Hvy. Reflective Plating 20053 | -2/Research | Spotted Executioner 20098 | -2/Research | Destroyed Executioner 20151 | -2/Research | Found Exp. Targeting Computer 20185 | -2/Research | Spotted Striker 20209 | -2/Research | Destroyed Striker 20243 | -2/Research | Spotted Executioner 20251 | -2/Research | Spotted Executioner 20259 | -2/Research | Destroyed Executioner 20291 | -2/Research | System corruption reached 30% 20312 | -2/Research | Spotted Striker 20312 | -2/Research | Spotted Striker 20338 | -2/Research | Core integrity fell below 50% 20352 | -2/Research | Core integrity fell below 20% 20352 | -2/Research | Discovered new exit (range 5) 20354 | -2/Research | Spotted Executioner 20356 | -2/Research | Spotted Executioner 20358 | -2/Research | Entered Testing 20388 | -2/Testing | Lost 19 parts (5p6n6u2w) 20437 | -2/Testing | Found Prototype Device 20437 | -2/Testing | Identified Exp. Hardlight Generator 20481 | -2/Testing | Found Prototype Launcher 20481 | -2/Testing | Identified Point Singularity Launcher 20483 | -2/Testing | Found Point Singularity Launcher 20507 | -2/Testing | Spotted Striker 20525 | -2/Testing | Found Prototype Device 20525 | -2/Testing | Identified Exp. Shock Absorption System 20566 | -2/Testing | Destroyed by H-88 Terminator with Heavy Machine Gun Last Messages --------------- 20561_ K-01 Serf destroyed. 20561_ Destroyed Adv. Phase Shifter. 20562_ K-01 Serf collects debris. 20563_ Penetrated by Slug. 20563_ Slug penetrates Wall. 20563_ Penetrated by Slug. 20563_ K-01 Serf collects debris. 20563_ H-88 Terminator destroyed. 20563_ G-73 Enforcer destroyed. 20563_ K-01 Serf collects debris. 20564_ Penetrated by Slug. 20565_ Destroyed Phase Gun. 20565_ Destroyed Hvy. Machine Gun. 20565_ G-73 Enforcer destroyed. 20566_ K-01 Serf collects debris. 20566_ Penetrated by Slug. 20566_ Critical hit. 20566_ Adv. Heavy Treads destroyed. 20566_ Slug penetrates K-01 Serf. 20566_ K-01 Serf destroyed. Map ----- +----------------------------------------------------+ | ?????????????????????????????????????????????????? | | ?????????????????????????????????????????????????? | | ?????????????????????????????????????????????????? | | ?????????????????????????????????????????????????? | | ?????????????????????????????????????????????????? | | ????????? ??????????????????????????????????????? | | ????????? ??????????????????????????????????????? | | ????????? ??????????????????????????????????????? | | ######### #?????????????????????????????????????? | | = # #?????????????????????????????????????? | | = # #?????????????????????????????????????? | | # #????????????????? ???????????????????? | | """ # #??????#??#####?? ????????????????? | | """ # #???? ??# T ?? #??????????????? | | """ # #???" """?# ?? #??????????????? | | ######### #???" """?#! ?? #??????????????? | | # #??"" """ # # #??????????????? | | ! = # +? # /c #??????????????? | | !=# # ! o ! # #??????????????? | | !/ # "T" # #??????????????? | | """" = # " "" #??????????????? | | """" # ### g #??????????????? | | """" ]# g g ## #?????????? | | """" # h % ????????? | | ######### h %* k ????????? | | ????????# g =@ !%= ????????? | | ????????# k= ????????? | | ????????# ????????? | | ????????##### ########"T####"T#####?????????? | | ????????????#####??????????""#???????????????????? | | ????????????????????????????##???????????????????? | | ?????????????????????????????????????????????????? | | ?????????????????????????????????????????????????? | | ?????????????????????????????????????????????????? | | ?????????????????????????????????????????????????? | | ?????????????????????????????????????????????????? | | ?????????????????????????????????????????????????? | | ?????????????????????????????????????????????????? | | ?????????????????????????????????????????????????? | | ?????????????????????????????????????????????????? | | ?????????????????????????????????????????????????? | | ?????????????????????????????????????????????????? | | ?????????????????????????????????????????????????? | | ?????????????????????????????????????????????????? | | ##???????????????????????????????????????????????? | | #???????????????????????????????????????????????? | | "#???????????????????????????????????????????????? | | "#???????????????????????????????????????????????? | | "#???????????????????????????????????????????????? | | "#???????????????????????????????????????????????? | +----------------------------------------------------+ Best States ------------- Heat Dissipation 97 Energy Generation 55 Energy Capacity 1165 Matter Stores 300 Matter Capacity 300 Sight Range 20 Terrain Scan Density 85 Power Amplification 30 Additional Mass Support 16 EM Shielding 3 Armor Coverage 1200 Resistance: KI 20 Resistance: TH 50 Resistance: EX 20 Resistance: EM 40 Resistance: I 20 Resistance: S 20 Resistance: P 20 Core Shielding 30 Weapon Cycling 15 Evasion (%) 64 Targeting Accuracy 12 Melee Accuracy 6 Core Analysis 8 Armor Integrity Analysis 50 Recoil Reduction 8 Offensive Hacking 34 Defensive Hacking 20 Item Schematics ----------------- Huge Storage Unit | -10/Materials | Hacked Med. Storage Unit | -10/Materials | Hacked Combat Drone Bay | -7/Data Miner | Free Lgt. Regenerative Plating | -7/Data Miner | Free Cmb. Gravmag System | -7/Data Miner | Free Exp. Flexi-carbon Leg | -7/Data Miner | Free Exp. Transmission Jammer | -7/Data Miner | Free HERF Cannon | -5/Factory | Hacked Imp. Heavy Siege Treads | -5/Factory | Hacked Biomechanical Wings | -4/Factory | Hacked Assault Drone Bay | -4/Zhirov | Free Exp. Heat Sink | -4/Zhirov | Free Exp. Optical Array | -4/Zhirov | Free Imp. Arc Thrower | -4/Zhirov | Free Robot Schematics ------------------ S-27 Virus | -7/Data Miner | Free G-50 Soldier | -7/Data Miner | Free G-67 Veteran | -7/Data Miner | Free L-41 Fighter | -7/Data Miner | Free I-36 Angel | -7/Data Miner | Free Fabricated ------------ Huge Storage Unit | x1 | -7/Factory Linear Accelerator | x2 | -5/Factory | Preloaded HERF Cannon | x1 | -5/Factory Imp. Heavy Siege Treads | x2 | -4/Factory Imp. Heavy Siege Treads | x2 | -4/Factory Huge Storage Unit | x1 | -3/Research Exp. Heat Sink | x1 | -3/Research Alien Tech Used ----------------- Integrated Dissipator Achievements -------------- None Challenges ------------ None Game ------ Seed GyrokineticDroneSource Manual? 0 Play Time 02:32:39 Cumulative 330.7 hours Start 2021.03.30 @ 13:38:02 End 2021.04.03 @ 07:16:51 Sessions 15 Manual Loads 0 Difficulty Adventurer Special Mode None Game No. 325 Rogue 146 Adventurer 101 Explorer 78 Win Type - Total 23 Types 16/0/5/2/0/0/0/0/0 Lore% 81 Gallery% 88 Achievement% 70 Wizard Run 0 Options --------- ASCII 0 Keyboard 0 Movement Numpad Keybinds 0 Fullscreen 2 Font 18/TerminusBold Map View 76x50 Tactical HUD 1 Map Filters NONE Filters NONE Steam 1 RUN: 05ac752a-2d4f-42a6-a9af-8e86aa200a6a